 Dungeon Crawl Stone Soup version 0.17.1-1-g73c8601 (webtiles) character file.

1281 Implojin the Grappler (level 8, -4/74 HPs)
             Began as a Troll Fighter on Apr 2, 2016.
             Was a Follower of Cheibriados.
             Slain by a black mamba (13 damage)
             ... on level 11 of the Dungeon.
             The game lasted 00:06:25 (1026 turns).

Implojin the Grappler (Troll Fighter)               Turns: 1026, Time: 00:06:25

Health: -4/74      AC:  6    Str: 32    XL:     8   Next: 29%
Magic:  7/7        EV:  8    Int:  6    God:    Cheibriados [*.....]
Gold:   148        SH:  9    Dex: 13    Spells: 0 memorised, 7 levels left

rFire  . . .     SeeInvis .       - Unarmed
rCold  . . .     Clarity  .     a - +0 robe
rNeg   . . .     SustAt   .     b - +0 shield
rPois  .         Gourm    +     (helmet restricted)
rElec  .         Spirit   .     p - +0 cloak
rCorr  .         Warding  .     (gloves unavailable)
rMut   .         Stasis   .     (boots unavailable)
MR     .....                    (no amulet)
Stlth  +.........               (no ring)
                                (no ring)

@: mighty, lethally poisoned (-4 -> -18), very slow, not resistant to hostile
enchantments, very unstealthy
A: unfitting armour, claws 3, fast metabolism 3, gourmand, regeneration 2,
shaggy fur 1, tough skin 2
a: Bend Time, Renounce Religion


You were on level 11 of the Dungeon.
You worshipped Cheibriados.
Cheibriados was aware of your devotion.
You were very full.

You visited 1 branch of the dungeon, and saw 12 of its levels.

You collected 148 gold pieces.

Inventory:

Missiles
 v - 2 javelins (quivered)
Armour
 a - a +0 robe (worn)
 b - a +0 shield (worn)
 p - a +0 cloak (worn)
Scrolls
 e - 2 scrolls of random uselessness {unknown}
 j - a scroll of identify {unknown}
 k - a scroll of remove curse {unknown}
 l - a scroll of immolation {unknown}
 n - a scroll of recharging {unknown}
 u - a scroll of enchant armour {unknown}
Potions
 g - 2 potions of haste {unknown}
 i - 2 potions of curing {unknown}
 m - a potion of magic {unknown}
 o - a potion of lignification {unknown}
 s - a potion of brilliance {unknown}
 t - a potion of beneficial mutation {unknown}
 w - a potion of degeneration {unknown}
Comestibles
 d - 4 bread rations
 f - 2 meat rations
 h - a slice of pizza
 q - a fruit


   Skills:
 - Level 2.4 Fighting
 - Level 2.4 Dodging
 - Level 2.4 Shields
 * Level 10.2 Unarmed Combat


You had 7 spell levels left.
You didn't know any spells.

Dungeon Overview and Level Annotations

Branches:
Dungeon (12/15)
 Temple: D:4-7         Lair: D:8-11         Orc: D:9-12

Altars:
Cheibriados

Annotations:
D:8 Grum


Innate Abilities, Weirdness & Mutations

You are too large for most types of armour.
You have claws for hands.
Your metabolism is lightning-fast.
You like to eat raw meat.
You heal very quickly.
You are covered in fur (AC +1).
You have very tough skin (AC +2).


Message History

The black mamba is lightly wounded.
You feel sick. The black mamba bites you!
You closely miss the black mamba.
The black mamba is lightly wounded.
The black mamba completely misses you. The black mamba closely misses you.
You miss the black mamba.
The black mamba is lightly wounded.
You feel sick. The black mamba bites you!
* * * LOW HITPOINT WARNING * * *
You are more poisoned.
The black mamba poisons you!
All of the chunks of flesh in your inventory have rotted away.
Your shield prevents you from hitting the black mamba.
The black mamba is lightly wounded.
You feel sick. The black mamba bites you!
* * * LOW HITPOINT WARNING * * *
You block the black mamba's attack.
You claw the black mamba!
The black mamba is heavily wounded.
You feel sick. The black mamba bites you!
* * * LOW HITPOINT WARNING * * *
You block the black mamba's attack.
Drink which item? (? for menu, Esc to quit)
You feel very mighty all of a sudden.
You feel sick. The black mamba bites you.
* * * LOW HITPOINT WARNING * * *
You are lethally poisoned!
The black mamba poisons you!
The black mamba bites you but does no damage.
Unknown command.
Unknown command.
You mangle the black mamba!!
The black mamba is almost dead.
* * * LOW HITPOINT WARNING * * *
You feel sick. The black mamba closely misses you.
You closely miss the black mamba.
The black mamba is almost dead.
* * * LOW HITPOINT WARNING * * *
You feel sick. The black mamba bites you!
You die...

#.# #.# #.# #####
#.# ... #.# #.##
#.# ###.S)#
######.# #.S.#
#......# #.###
#.#########S# #.#
#..@SS# #.# #.#####
###
#.#####.#####.....
#......>........#
.##.
#########.###.#...
..... #.....#######
..... #.#.###....[#
#...
#.....##.#######..#
#####.#...#††.##..#


You could see a black mamba and 2 water moccasins.

Vanquished Creatures
  A two-headed ogre (D:11)
  4 wolves
  2 hell hounds (D:11)
  A giant frog (D:7)
  A jelly (D:7)
  3 hounds
  Crazy Yiuf (D:6)
  An orc wizard (D:4)
  A worker ant (D:11)
  Natasha (D:4)
  An adder (D:4)
  A shadow imp (D:9)
  2 worms (D:2)
  5 orcs
  A ball python (D:4)
  2 bats
  A goblin (D:2)
  A hobgoblin (D:2)
  2 giant cockroaches
  A giant newt (D:4)
  6 jackals (D:11)
  3 kobolds
  A quokka (D:8)
43 creatures vanquished.

Notes
Turn   | Place    | Note
--------------------------------------------------------------
     0 | D:1      | Implojin the Troll Fighter began the quest for the Orb.
     0 | D:1      | Reached XP level 1. HP: 22/22 MP: 0/0
   240 | D:2      | Reached XP level 2. HP: 29/29 MP: 1/1
   265 | D:2      | Reached skill level 3 in Unarmed Combat
   318 | D:4      | Reached XP level 3. HP: 34/36 MP: 2/2
   319 | D:4      | Reached skill level 4 in Unarmed Combat
   399 | D:4      | Noticed Natasha
   406 | D:4      | Killed Natasha
   406 | D:4      | Reached XP level 4. HP: 31/44 MP: 3/3
   444 | D:4      | Found a snail-covered altar of Cheibriados.
   448 | D:4      | Became a worshipper of Cheibriados the Contemplative
   524 | D:5      | Entered Level 5 of the Dungeon
   577 | D:6      | Noticed Crazy Yiuf
   584 | D:6      | Killed Crazy Yiuf
   631 | D:7      | Noticed a giant frog
   645 | D:7      | Killed a giant frog
   645 | D:7      | Reached skill level 5 in Unarmed Combat
   645 | D:7      | Reached XP level 5. HP: 46/50 MP: 4/4
   649 | D:7      | Reached skill level 6 in Unarmed Combat
   734 | D:8      | Noticed a wolf
   735 | D:8      | Noticed Grum
   746 | D:8      | Noticed a wolf
   747 | D:8      | Killed a wolf
   747 | D:8      | Reached XP level 6. HP: 44/59 MP: 5/5
   758 | D:8      | Killed a wolf
   758 | D:8      | Reached skill level 7 in Unarmed Combat
   812 | D:10     | Entered Level 10 of the Dungeon
   832 | D:11     | Noticed a two-headed ogre
   842 | D:11     | Killed a two-headed ogre
   842 | D:11     | Reached skill level 8 in Unarmed Combat
   842 | D:11     | Reached XP level 7. HP: 44/66 MP: 6/6
   869 | D:11     | Noticed a wolf
   870 | D:11     | Killed a wolf
   870 | D:11     | Reached skill level 9 in Unarmed Combat
   872 | D:11     | Reached * piety under Cheibriados
   878 | D:11     | Noticed a hell hound
   879 | D:11     | Noticed a wolf
   880 | D:11     | Noticed a hell hound
   882 | D:11     | Killed a hell hound
   886 | D:11     | Killed a hell hound
   886 | D:11     | Reached XP level 8. HP: 68/74 MP: 7/7
   889 | D:11     | Killed a wolf
   889 | D:11     | Reached skill level 10 in Unarmed Combat
  1010 | D:11     | Noticed a water moccasin
  1010 | D:11     | Noticed a water moccasin
  1013 | D:11     | Noticed a black mamba
  1026 | D:11     | Slain by a black mamba

Action                   |  1- 3 |  4- 6 |  7- 9 || total
-------------------------+-------+-------+-------++-------
Melee: Unarmed           |    48 |    55 |    46 ||   149
Throw: Throwing net      |       |     1 |       ||     1
  Use: Potion            |       |       |     1 ||     1
 Stab: Held in net/web   |       |     1 |       ||     1
  Eat: Chunk             |     4 |    10 |       ||    14

Table legend:
 A = Turns spent in this place as a percentage of turns spent in the entire game.
 B = Non-inter-level travel turns spent in this place as a percentage of non-inter-level travel turns spent in the entire game.
 C = Inter-level travel turns spent in this place as a percentage of turns spent in this place.
 D = Turns resting spent in this place as a percentage of non-inter-level travel turns spent in this place.
 E = Turns spent auto-exploring this place as a percentage of non-inter-level travel turns spent in this place.
 F = Non-inter-level travel turns spent in this place divided by the number of levels of this place that you've seen.
                   A       B       C       D       E      F
               +-------+-------+-------+-------+-------+----------------------
         Total | 100.0 | 100.0 |   0.0 |   0.0 |   0.0 |  82.0
       Dungeon | 100.0 | 100.0 |   0.0 |   0.0 |   0.0 |  82.0
               +-------+-------+-------+-------+-------+----------------------

Table legend:
 A = Kills in this place as a percentage of kills in entire the game.
 B = Kills by you in this place as a percentage of kills by you in the entire game.
 C = Kills by friends in this place as a percentage of kills by friends in the entire game.
 D = Other kills in this place as a percentage of other kills in the entire game.
 E = Experience gained in this place as a percentage of experience gained in the entire game.
 F = Experience gained in this place divided by the number of levels of this place that you have seen.
                   A       B       C       D       E      F
               +-------+-------+-------+-------+-------+----------------------
         Total | 100.0 | 100.0 |  -nan |  -nan | 100.0 | 152.6
       Dungeon | 100.0 | 100.0 |  -nan |  -nan | 100.0 | 152.6
               +-------+-------+-------+-------+-------+----------------------
